 Dungeon Crawl Stone Soup version 0.18-a0-1542-g9c1a92e (webtiles) character file.

2005 Ijustatesigmund the Insei (level 9, -1/62 HPs)
             Began as an Octopode Transmuter on Mar 10, 2016.
             Slain by a giant frog zombie (4 damage)
             ... on level 6 of the Dungeon.
             The game lasted 00:22:41 (6245 turns).

Ijustatesigmund the Insei (Octopode Transmuter)     Turns: 6245, Time: 00:22:42

Health: -1/62      AC:  1    Str: 10    XL:     9   Next: 22%
Magic:  15/15      EV: 13    Int: 18    God:
Gold:   321        SH:  0    Dex: 12    Spells: 5 memorised, 1 level left

rFire  . . .     SeeInvis .       - Unarmed
rCold  . . .     Gourm    .     (no shield)
rNeg   . . .     Faith    .     (helmet restricted)
rPois  .         Spirit   .     i - amulet of rage
rElec  .         Dismiss  .     j - ring of flight
rCorr  .         Reflect  .     (no ring)
SustAt .         Harm     .     (no ring)
MR     .....                    (no ring)
Stlth  ++++......               (no ring)
                                (no ring)
                                (no ring)
                                (no ring)

@: appendage, not resistant to hostile enchantments, stealthy
A: almost no armour, amphibious, 8 rings, constrict 8, tentacle spike 3,
camouflage 1, gelatinous body 1
a: End Transformation, Evoke Berserk Rage, Evoke Flight


You were on level 6 of the Dungeon.
You were not hungry.
One of your tentacles had a temporary spike.
You visited 1 branch of the dungeon, and saw 6 of its levels.

You collected 321 gold pieces.

Inventory:

Missiles
 a - 77 arrows
 u - 3 tomahawks (quivered)
 x - 11 arrows of frost
Jewellery
 i - an amulet of rage (around mantle)
 j - a ring of flight (left tentacle)
 p - an uncursed amulet of regeneration
Wands
 d - a wand of iceblast (7/15)
 e - a wand of lightning (11/15)
 g - a wand of flame (39/48)
 o - a wand of paralysis (12/24)
Scrolls
 m - 2 scrolls of remove curse
 r - 3 scrolls of enchant armour
 y - a scroll of recharging
Potions
 k - a potion of might
 l - a potion of berserk rage {unknown}
 n - a potion of resistance {unknown}
 q - a potion of magic {unknown}
 s - a potion of lignification {unknown}
 t - 3 potions of curing
 v - a potion of agility {unknown}
 z - a potion of ambrosia {unknown}
Books
 b - a book of Changes

   Spells                             Type                      Level
   a - Beastly Appendage              Transmutation                1
   b - Sticks to Snakes               Transmutation                2
   c - Spider Form                    Transmutation/Poison         3
   d - Ice Form                       Ice/Transmutation            4
   e - Blade Hands                    Transmutation                5
 f - a book of Annihilations

   Spells                             Type                      Level
   a - Poison Arrow                   Conjuration/Poison           6
   b - Chain Lightning                Conjuration/Air              8
   c - Lehudib's Crystal Spear        Conjuration/Earth            8
   d - Glaciate                       Conjuration/Ice              9
   e - Fire Storm                     Conjuration/Fire             9
Comestibles
 c - 4 bread rations
 h - 2 meat rations


   Skills:
 - Level 6.0 Fighting
 - Level 4.2 Dodging
 - Level 4.5 Stealth
 - Level 6.1 Unarmed Combat
 - Level 4.0 Spellcasting
 + Level 5.1 Transmutations
 + Level 0.8 Ice Magic
 - Level 3.0 Poison Magic
 + Level 0.7 Evocations


You had one spell level left.
You knew the following spells:

 Your Spells              Type           Power        Failure   Level  Hunger
a - Beastly Appendage     Trmt           ###...       1%          1    None
b - Sticks to Snakes      Trmt           ###.....     2%          2    ##.....
c - Spider Form           Trmt/Pois      ###.......   10%         3    ###....
d - Blade Hands           Trmt           ###.......   54%         5    ######.
e - Ice Form              Ice/Trmt       ##......     54%         4    ####...


Dungeon Overview and Level Annotations

Branches:
Dungeon (6/15)
 Temple: D:4-7

Altars:
Ashenzari
Makhleb
Nemelex Xobeh
Ru
Zin


Innate Abilities, Weirdness & Mutations

You cannot wear most types of armour.
You are amphibious.
You can wear up to eight rings at the same time.
You can use your tentacles to constrict eight enemies at once.
Your skin changes colour to match your surroundings (Stealth).
Your rubbery body absorbs attacks (AC +1).
One of your tentacles bears a large vicious spike.


Message History

The giant frog zombie closely misses you.
The worker ant barely misses you.
The orc warrior hits you but does no damage.
You fail to use your ability.
You constrict the worker ant. The giant frog zombie hits you.
The worker ant barely misses you.
You fail to use your ability.
You constrict the worker ant.
You kill the worker ant!
The giant frog zombie barely misses you.
The orc warrior hits you with a mace. The giant frog zombie hits you.
* * * LOW HITPOINT WARNING * * *
You tentacle-slap the orc warrior. You grab the orc warrior.
The orc warrior is lightly wounded.
You constrict the orc warrior, but do no damage.
The orc warrior hits you with a mace!
* * * LOW HITPOINT WARNING * * *
The giant frog zombie barely misses you.
You tentacle-slap the orc warrior but do no damage.
The orc warrior is lightly wounded.
You constrict the orc warrior. The giant frog zombie hits you.
You die...

.......# # ######## # # ####### #
################...).############
..................[..'..o.o......
##.#############.....############
...# ####.....# ...# #...@....#
...# #..o†Z...# ...# #.....)).#
##.# #.....#### ##.# #..?..# ##+#
#.....# ....# #.....# ....#
#.....# ....#


You could see an orc warrior and a giant frog zombie.

Vanquished Creatures
  Pikel (D:6)
  Grinder (D:3)
  Sigmund (D:5)
  An ice beast (D:4)
  An ogre (D:5)
  A necrophage (D:5)
  A centaur (D:5)
  Blork the orc (D:5)
  A giant frog (D:5)
  2 scorpions
  A crimson imp (D:5)
  A centaur skeleton (D:3)
  An orc priest (D:4)
  3 hounds
  An orc wizard (D:4)
  2 iguanas
  3 worker ants
  A worker ant zombie (D:6)
  10 adders
  3 gnolls
  2 adder skeletons (D:4)
  A worm (D:4)
  2 dart slugs
  7 giant geckos
  4 orcs
  4 giant cockroaches
  6 goblins
  3 hobgoblins
  11 jackals
  8 kobolds
  4 quokkas
  A ball python skeleton (D:5)
  5 bats
  A giant gecko zombie (D:4)
  5 giant newts
  A quokka skeleton (D:4)
  6 rats
108 creatures vanquished.

Vanquished Creatures (collateral kills)
  An ogre (D:5)
  An orc wizard (D:6)
  An orc (D:4)
3 creatures vanquished.

Vanquished Creatures (others)
  3 slaves (D:6)
  An adder (D:6)
  2 orcs (D:6)
6 creatures vanquished.

Grand Total: 117 creatures vanquished

Notes
Turn   | Place    | Note
--------------------------------------------------------------
     0 | D:1      | Ijustatesigmund the Octopode Transmuter began the quest for the Orb.
     0 | D:1      | Reached XP level 1. HP: 13/13 MP: 3/3
   305 | D:1      | Reached XP level 2. HP: 16/19 MP: 5/5
   314 | D:1      | Learned a level 2 spell: Sticks to Snakes
   896 | D:2      | Reached XP level 3. HP: 8/25 MP: 4/6
  1028 | D:2      | Learned a level 3 spell: Spider Form
  1130 | D:2      | Reached skill level 1 in Poison Magic
  1157 | D:2      | Reached XP level 4. HP: 17/31 MP: 5/7
  1159 | D:2      | Found a burning altar of Makhleb.
  2202 | D:3      | Noticed Grinder
  2247 | D:4      | Noticed an ice beast
  2268 | D:4      | Killed an ice beast
  2268 | D:4      | Reached XP level 5. HP: 27/36 MP: 3/8
  2373 | D:4      | Reached XP level 6. HP: 16/43 MP: 4/9
  3295 | D:5      | Entered Level 5 of the Dungeon
  3758 | D:5      | Noticed Blork the orc
  3761 | D:5      | Noticed Sigmund
  3765 | D:5      | Killed Blork the orc
  3765 | D:5      | Reached XP level 7. HP: 49/49 MP: 8/10
  3914 | D:6      | Found a glowing silver altar of Zin.
  3914 | D:6      | Found a shattered altar of Ashenzari.
  4024 | D:5      | Reached skill level 5 in Unarmed Combat
  4028 | D:5      | Reached skill level 5 in Fighting
  4031 | D:5      | Killed Sigmund
  4114 | D:5      | Reached XP level 8. HP: 50/56 MP: 9/11
  4665 | D:5      | Reached skill level 5 in Transmutations
  5018 | D:3      | Killed Grinder
  5192 | D:3      | Found a sparkling altar of Nemelex Xobeh.
  5348 | D:3      | Found a sacrificial altar of Ru.
  5953 | D:6      | Noticed Pikel
  5998 | D:6      | Killed Pikel
  5998 | D:6      | Reached XP level 9. HP: 62/62 MP: 4/14
  6096 | D:6      | Learned a level 5 spell: Blade Hands
  6101 | D:6      | Learned a level 4 spell: Ice Form
  6244 | D:6      | HP: 3/62 [orc warrior/mace (13)]
  6245 | D:6      | Slain by a giant frog zombie

Vault maps used:
D:1:      mushboom_english_gardens
D:2:      lemuel_doored_altar, minmay_misc_feat_room
D:3:      nemelex_xobeh_ov_fountains_minmay, marbit_many_paths,
          dk_noncrumbling_3, kennysheep_generic_room_9, uniq_grinder
D:4:      st_stairs_12
D:5:      first_bread, uniq_sigmund, uniq_blork_the_orc
D:6:      black_bear_nest_1, nicolae_overflow_hidden_temple,
          minmay_temple_entry_purple_smoke, uniq_pikel

Skill      XL: |  1  2  3  4  5  6  7  8  9 |
---------------+----------------------------+-----
Fighting       | 2 3 4 5 6 |  6.0
Poison Magic   | 1 2 3 |  3.0
Unarmed Combat | 4 5 6 |  6.1
Transmutations | 3 4 5 |  5.1
Stealth        | 4 |  4.5
Dodging        | 4 |  4.2
Spellcasting   | 3 4 |  4.0
Ice Magic      | |  0.8
Evocations     | |  0.7

Action                   |  1- 3 |  4- 6 |  7- 9 || total
-------------------------+-------+-------+-------++-------
Melee: Unarmed           |    64 |   102 |   130 ||   296
 Cast: Beastly Appendage |     3 |    10 |    15 ||    28
       Sticks to Snakes  |       |     8 |    20 ||    28
       Spider Form       |       |       |     2 ||     2
 Abil: Evoke Berserk Rag |       |     3 |     4 ||     7
Evoke: Wand              |       |     4 |       ||     4
  Use: Scroll            |     4 |     6 |     6 ||    16
       Potion            |     1 |       |     2 ||     3
 Stab: Sleeping          |     4 |     6 |    10 ||    20
  Eat: Chunk             |       |     8 |     1 ||     9
       Meat ration       |       |     1 |     2 ||     3
       Beef jerky        |       |     1 |       ||     1
       Fruit             |       |       |     2 ||     2
